ESL (28 & UNDER)
READING RAINBOWS @ BUFFALO LIGHTSABRES
06/05/2029
 
TOP OF THE 1ST
Reading Rainbows batting - Pitching for Buffalo LightSabres : RHP Júlio Ruíz
Pitching: RHP Júlio Ruíz
Batting: RHB Spike Kennedy 0-0: Called Strike
0-1: Swinging Strike
0-2: Strikes out swinging
Batting: RHB José Moreno 0-0: Called Strike
0-1: Ball
1-1: Fly out, F3 (Popup, 3SF)
Batting: RHB Germán Romero 0-0: Ball
1-0: Ball
2-0: Foul Ball, location: 2F
2-1: Ball
3-1: Base on Balls
Batting: RHB Ethan Moore 0-0: Ball
1-0: Ball
2-0: Called Strike
2-1: Swinging Strike
2-2: Ball
Passed Ball!
Germán Romero to second
3-2: Strikes out swinging
Top of the 1st over - 0 runs, 0 hits, 0 errors, 1 left on base; Reading 0 - Buffalo 0
BOTTOM OF THE 1ST
Buffalo LightSabres batting - Pitching for Reading Rainbows : RHP Coy Torres
Pitching: RHP Coy Torres
Batting: RHB Earl Godwin 0-0: Ball
1-0: Ball
2-0: Ground out 2-3 (Groundball, 2L)
Batting: RHB Lou Hammond 0-0: Ball
1-0: Foul Ball, location: 2F
1-1: Ball
2-1: Swinging Strike
2-2: Fly out, F9 (Line Drive, 89M)
Batting: RHB Sean White 0-0: Swinging Strike
0-1: Ball
1-1: Ball
2-1: Fly out, F6 (Line Drive, 6)
Bottom of the 1st over - 0 runs, 0 hits, 0 errors, 0 left on base; Reading 0 - Buffalo 0
TOP OF THE 2ND
Reading Rainbows batting - Pitching for Buffalo LightSabres : RHP Júlio Ruíz
Batting: LHB Ryan Flynn 0-0: Foul Ball, location: 2F
0-1: Called Strike
0-2: Fly out, F9 (Flyball, 89M)
Batting: RHB Juan Magdayao 0-0: Ball
1-0: Ball
2-0: Called Strike
2-1: Ground out 3-1 (Groundball, 34)
Batting: RHB Richard Case 0-0: SINGLE (Flyball, 78M)
Batting: LHB Arturo Álvarez 0-0: Ball
1-0: Ball
2-0: Ball
3-0: Base on Balls
Richard Case to second
Batting: SHB Dan Chandler 0-0: Ball
1-0: Called Strike
1-1: Foul Ball, location: 2F
1-2: Foul Ball, location: 2F
1-2: Ball
2-2: Foul Ball, location: 2F
2-2: Strikes out looking
Top of the 2nd over - 0 runs, 1 hit, 0 errors, 2 left on base; Reading 0 - Buffalo 0
BOTTOM OF THE 2ND
Buffalo LightSabres batting - Pitching for Reading Rainbows : RHP Coy Torres
Batting: RHB Augusto Padilla 0-0: DOUBLE (Line Drive, 78D)
Batting: LHB Tim Griffith 0-0: Foul Ball, location: 2F
0-1: Ball
1-1: Fly out, F9 (Line Drive, 9)
Batting: LHB Sergio Luna 0-0: Called Strike
0-1: Ground out 4-3 (Groundball, 34D)
Augusto Padilla to third
Batting: RHB Abraham Hardy 0-0: Called Strike
0-1: Ball
1-1: Ball
2-1: Foul Ball, location: 2F
2-2: Ball
3-2: Strikes out swinging
Bottom of the 2nd over - 0 runs, 1 hit, 0 errors, 1 left on base; Reading 0 - Buffalo 0
TOP OF THE 3RD
Reading Rainbows batting - Pitching for Buffalo LightSabres : RHP Júlio Ruíz
Batting: RHB Spike Kennedy 0-0: Called Strike
0-1: Ball
1-1: Fly out, F9 (Flyball, 9)
Batting: RHB José Moreno 0-0: Ball
1-0: Ball
2-0: Called Strike
2-1: Ground out 4-3 (Groundball, 4)
Batting: RHB Germán Romero 0-0: Called Strike
0-1: Called Strike
0-2: Ball
1-2: Foul Ball, location: 2F
1-2: Ball
2-2: Strikes out swinging
Top of the 3rd over - 0 runs, 0 hits, 0 errors, 0 left on base; Reading 0 - Buffalo 0
BOTTOM OF THE 3RD
Buffalo LightSabres batting - Pitching for Reading Rainbows : RHP Coy Torres
Batting: LHB Emílio Montoya 0-0: Ball
1-0: Called Strike
1-1: Ball
2-1: Swinging Strike
2-2: Foul Ball, location: 2F
2-2: Foul Ball, location: 2F
2-2: Ball
3-2: Base on Balls
Batting: RHB Daniel Riddle 0-0: Foul Ball, location: 2F
0-1: Ball
1-1: Called Strike
1-2: Strikes out swinging
Batting: RHB Earl Godwin 0-0: Ball
Emílio Montoya is caught stealing 2nd base
1-0: Swinging Strike
1-1: Ball
2-1: Foul Ball, location: 2F
2-2: Foul Ball, location: 2F
2-2: Ball
3-2: Foul Ball, location: 2F
3-2: Strikes out swinging
Bottom of the 3rd over - 0 runs, 0 hits, 0 errors, 0 left on base; Reading 0 - Buffalo 0
TOP OF THE 4TH
Reading Rainbows batting - Pitching for Buffalo LightSabres : RHP Júlio Ruíz
Batting: RHB Ethan Moore 0-0: Swinging Strike
0-1: Foul Ball, location: 2F
0-2: Ball
1-2: Ball
2-2: Ball
3-2: Fly out, F9 (Flyball, 9S)
Batting: LHB Ryan Flynn 0-0: Ball
1-0: DOUBLE (Line Drive, 89S)
Batting: RHB Juan Magdayao 0-0: Foul Ball, location: 2F
0-1: Fly out, F3 (Line Drive, 4S)
Batting: RHB Richard Case 0-0: Foul Ball, location: 2F
0-1: Ball
Passed Ball!
Ryan Flynn to third
1-1: Called Strike
1-2: Fly out, F7 (Flyball, 78M)
Top of the 4th over - 0 runs, 1 hit, 0 errors, 1 left on base; Reading 0 - Buffalo 0
BOTTOM OF THE 4TH
Buffalo LightSabres batting - Pitching for Reading Rainbows : RHP Coy Torres
Batting: RHB Lou Hammond 0-0: Ball
1-0: Ball
2-0: Ball
3-0: Base on Balls
Batting: RHB Sean White 0-0: Ball
1-0: Ball
2-0: Called Strike
2-1: Ball
3-1: Base on Balls
Lou Hammond to second
Batting: RHB Augusto Padilla 0-0: Ball
1-0: Ball
2-0: Called Strike
2-1: SINGLE (Flyball, 9LM)
Lou Hammond to third
Sean White to second
Batting: LHB Tim Griffith 0-0: SINGLE (Groundball, 4MD)
Lou Hammond scores
Sean White to third
Augusto Padilla to second
Batting: LHB Sergio Luna 0-0: Ball
1-0: Grounds into double play, 6-4-3 (Groundball, 6)
Sean White scores
Augusto Padilla to third
Pitching: RHP Luis Silva
Batting: RHB Abraham Hardy 0-0: Swinging Strike
0-1: Ball
1-1: SINGLE (Flyball, 7LS)
Augusto Padilla scores
Batting: LHB Emílio Montoya 0-0: Fly out, F8 (Flyball, 8LD)
Bottom of the 4th over - 3 runs, 3 hits, 0 errors, 1 left on base; Reading 0 - Buffalo 3
TOP OF THE 5TH
Reading Rainbows batting - Pitching for Buffalo LightSabres : RHP Júlio Ruíz
Batting: LHB Arturo Álvarez 0-0: Called Strike
0-1: Bunt missed!
0-2: Strikes out swinging
Batting: SHB Dan Chandler 0-0: Ground out 4-3 (Groundball, 4)
Batting: RHB Spike Kennedy 0-0: Called Strike
0-1: Ball
1-1: Swinging Strike
1-2: Ball
2-2: Ball
3-2: Foul Ball, location: 2F
3-2: Base on Balls
Batting: RHB José Moreno 0-0: Ball
1-0: Called Strike
1-1: Foul Ball, location: 2F
1-2: Ball
2-2: Ball
Spike Kennedy steals 2nd base
3-2: Foul Ball, location: 2F
3-2: Base on Balls
Batting: RHB Germán Romero 0-0: Called Strike
0-1: Fly out, F4 (Line Drive, 4)
Top of the 5th over - 0 runs, 0 hits, 0 errors, 2 left on base; Reading 0 - Buffalo 3
BOTTOM OF THE 5TH
Buffalo LightSabres batting - Pitching for Reading Rainbows : RHP Luis Silva
Batting: RHB Daniel Riddle 0-0: Swinging Strike
0-1: Foul Ball, location: 2F
0-2: Strikes out looking
Batting: RHB Earl Godwin 0-0: Ground out 6-3 (Groundball, 6)
Batting: RHB Lou Hammond 0-0: Ball
1-0: Ground out 5-3 (Groundball, 56S)
Bottom of the 5th over - 0 runs, 0 hits, 0 errors, 0 left on base; Reading 0 - Buffalo 3
TOP OF THE 6TH
Reading Rainbows batting - Pitching for Buffalo LightSabres : RHP Júlio Ruíz
Batting: RHB Ethan Moore 0-0: Swinging Strike
0-1: Ground out 5-3 (Groundball, 56)
Batting: LHB Ryan Flynn 0-0: Called Strike
0-1: Ground out 3-1 (Groundball, 23)
Batting: RHB Juan Magdayao 0-0: Called Strike
0-1: Called Strike
0-2: Ball
1-2: Foul Ball, location: 2F
1-2: Strikes out swinging
Top of the 6th over - 0 runs, 0 hits, 0 errors, 0 left on base; Reading 0 - Buffalo 3
BOTTOM OF THE 6TH
Buffalo LightSabres batting - Pitching for Reading Rainbows : RHP Luis Silva
Batting: RHB Sean White 0-0: Called Strike
0-1: Fly out, F3 (Popup, 23F)
Batting: RHB Augusto Padilla 0-0: Ball
1-0: Ball
2-0: Ball
3-0: Called Strike
3-1: SINGLE (Line Drive, 8LS)
Batting: LHB Tim Griffith 0-0: Called Strike
0-1: Called Strike
0-2: Ball
1-2: Strikes out swinging
Batting: LHB Sergio Luna 0-0: Swinging Strike
0-1: Ball
1-1: Called Strike
Pickoff Throw to First - Out!
Bottom of the 6th over - 0 runs, 1 hit, 0 errors, 0 left on base; Reading 0 - Buffalo 3
TOP OF THE 7TH
Reading Rainbows batting - Pitching for Buffalo LightSabres : RHP Júlio Ruíz
Batting: RHB Richard Case 0-0: Ball
1-0: SINGLE (Groundball, 56D)
Batting: LHB Arturo Álvarez 0-0: Ball
1-0: Called Strike
1-1: Ball
2-1: Swinging Strike
2-2: Strikes out looking
Batting: SHB Dan Chandler 0-0: Called Strike
Richard Case steals 2nd base
0-1: Foul Ball, location: 2F
0-2: Ball
1-2: Fly out, F5 (Popup, 56S)
Batting: RHB Spike Kennedy 0-0: Ball
1-0: Swinging Strike
1-1: Ball
2-1: Foul Ball, location: 2F
2-2: Fly out, F7 (Flyball, 7LS)
Top of the 7th over - 0 runs, 1 hit, 0 errors, 1 left on base; Reading 0 - Buffalo 3
BOTTOM OF THE 7TH
Buffalo LightSabres batting - Pitching for Reading Rainbows : RHP Luis Silva
Batting: LHB Sergio Luna 0-0: Ball
1-0: Fly out, F8 (Flyball, 8LXD)
Batting: RHB Abraham Hardy 0-0: Ball
1-0: Ball
2-0: Ball
3-0: Called Strike
3-1: Foul Ball, location: 2F
3-2: Foul Ball, location: 2F
3-2: DOUBLE (Line Drive, 7LS)
Batting: LHB Emílio Montoya 0-0: Intentional Walk
Batting: RHB Daniel Riddle 0-0: Ball
1-0: Called Strike
1-1: Foul Ball, location: 2F
1-2: Foul Ball, location: 2F
1-2: Ball
2-2: Strikes out swinging
Batting: RHB Earl Godwin 0-0: Called Strike
0-1: Ball
1-1: Ground out 3-1 (Groundball, 23)
Bottom of the 7th over - 0 runs, 1 hit, 0 errors, 2 left on base; Reading 0 - Buffalo 3
TOP OF THE 8TH
Reading Rainbows batting - Pitching for Buffalo LightSabres : RHP Júlio Ruíz
Batting: RHB José Moreno 0-0: Called Strike
0-1: Called Strike
0-2: Foul Ball, location: 2F
0-2: Ground out U3 (Groundball, 3L)
Pitching: RHP Raymond Gibbons
Batting: RHB Germán Romero 0-0: Ball
1-0: Called Strike
1-1: Ground out 6-3 (Groundball, 6)
Batting: RHB Ethan Moore 0-0: Fly out, F6 (Popup, 6MS)
Top of the 8th over - 0 runs, 0 hits, 0 errors, 0 left on base; Reading 0 - Buffalo 3
BOTTOM OF THE 8TH
Buffalo LightSabres batting - Pitching for Reading Rainbows : RHP Luis Silva
Batting: RHB Lou Hammond 0-0: Ball
1-0: Called Strike
1-1: Called Strike
1-2: Ball
2-2: Foul Ball, location: 2F
2-2: Ground out U3 (Groundball, 3)
Batting: RHB Sean White 0-0: Ball
1-0: Ball
2-0: Ball
3-0: Called Strike
3-1: Foul Ball, location: 2F
3-2: Foul Ball, location: 2F
3-2: Foul Ball, location: 2F
3-2: Foul Ball, location: 2F
3-2: Ground out 3-1 (Groundball, 34S)
Batting: RHB Augusto Padilla 0-0: Ball
1-0: Called Strike
1-1: Ball
2-1: Foul Ball, location: 2F
2-2: Ball
3-2: Fly out, F9 (Flyball, 9)
Bottom of the 8th over - 0 runs, 0 hits, 0 errors, 0 left on base; Reading 0 - Buffalo 3
TOP OF THE 9TH
Reading Rainbows batting - Pitching for Buffalo LightSabres : RHP Raymond Gibbons
Pitching: RHP Junior Pineault
Batting: LHB Ryan Flynn 0-0: Called Strike
0-1: Swinging Strike
0-2: Ball
1-2: Ball
2-2: Strikes out looking
Batting: RHB Juan Magdayao 0-0: Ball
1-0: Swinging Strike
1-1: Ball
2-1: Ball
3-1: Base on Balls
Batting: RHB Richard Case 0-0: Ball
1-0: Ball
2-0: Ball
3-0: Base on Balls
Juan Magdayao to second
Batting: LHB Arturo Álvarez 0-0: SINGLE (Line Drive, 8RS)
Juan Magdayao to third
Richard Case to second
Pinch Hitting: RHB Ron King 0-0: Ball
1-0: Foul Ball, location: 2F
1-1: Foul Ball, location: 2F
1-2: Hit by Pitch
Juan Magdayao scores
Richard Case to third
Arturo Álvarez to second
Batting: RHB Spike Kennedy 0-0: Called Strike
0-1: Ball
1-1: Foul Ball, location: 2F
1-2: Foul Ball, location: 2F
1-2: Strikes out looking
Batting: RHB José Moreno 0-0: Foul Ball, location: 2F
0-1: Foul Ball, location: 2F
0-2: Ball
1-2: Foul Ball, location: 2F
1-2: Hit by Pitch
Richard Case scores
Arturo Álvarez to third
Ron King to second
Batting: RHB Germán Romero 0-0: GRAND SLAM HOME RUN (Flyball, 78XD), Distance : 400 ft
Pitching: RHP Gavin Robbins
Batting: RHB Ethan Moore 0-0: Ball
1-0: Foul Ball, location: 2F
1-1: SINGLE (Groundball, 34D)
Batting: LHB Ryan Flynn 0-0: Called Strike
Pickoff Throw to First - Out!
Top of the 9th over - 6 runs, 3 hits, 0 errors, 0 left on base; Reading 6 - Buffalo 3
BOTTOM OF THE 9TH
Buffalo LightSabres batting - Pitching for Reading Rainbows : RHP Luis Silva
Now at 2B: Ron King
Batting: LHB Tim Griffith 0-0: Ball
1-0: Called Strike
1-1: SOLO HOME RUN (Line Drive, 89XD), Distance : 400 ft
Batting: LHB Sergio Luna 0-0: Called Strike
0-1: Fly out, F3 (Line Drive, 3S)
Batting: RHB Abraham Hardy 0-0: Ball
1-0: Ground out 4-3 (Groundball, 4)
Batting: LHB Emílio Montoya 0-0: Ball
1-0: Ball
2-0: Ball
3-0: Called Strike
3-1: Swinging Strike
3-2: Foul Ball, location: 2F
3-2: Base on Balls
Pinch Hitting: RHB Júlio López 0-0: Ball
1-0: Ground out 5-3 (Groundball, 56S)
Bottom of the 9th over - 1 run, 1 hit, 0 errors, 1 left on base; Reading 6 - Buffalo 4
Saturday, December 16th, 2017 - OOTP Baseball 18.8 Build 76